[Event "44th Chess Olympiad Women 2022"]
[Site "Chennai"]
[Date "2022.08.07"]
[Round "9.31"]
[White "Machlik, Monika"]
[Black "Zhang, Jasmine Haomo"]
[Result "1/2-1/2"]
[WhiteElo "2111"]
[BlackElo "1972"]
[Annotator "NA RC"]
[PlyCount "69"]
[EventDate "2022.??.??"]
[TimeControl "60"]

1. d4 d5 2. c4 e6 3. Nc3 Be7 4. cxd5 exd5 5. Bf4 c6 6. e3 Bf5 7. Nge2 Nd7 8. Ng3 Bg6 9. Be2 Nb6 10. O-O Nf6 11. Bd3 Bxd3 12. Qxd3 O-O 13. Rab1 a5 14. h3 Bd6 15. Bxd6 Qxd6 16. Rfe1 Rfe8 17. Rbc1 Re6 18. Qc2 g6 19. Nge2 Re7 20. Nf4 Rae8 21. Nd3 Nfd7 22. Na4 Qc7 23. Nxb6 Nxb6 24. Nc5 Nc8 25. Nd3 Nd6 26. Ne5 Kg7 27. Qd1 f6 28. Nd3 Nf5 29. Qd2 Nd6 30. Qd1 Ne4 31. Nc5 Nd6 32. Nd3 Ne4 33. Nc5 Nd6 34. Nd3 Ne4 35. Nc5 1/2-1/2

[Event "44th Chess Olympiad Women 2022"]
[Site "Chennai"]
[Date "2022.08.07"]
[Round "9.31"]
[White "Punsalan, Vyanla M"]
[Black "Machlik, Edit"]
[Result "0-1"]
[WhiteElo "1895"]
[BlackElo "2084"]
[Annotator "NA"]
[PlyCount "84"]
[EventDate "2022.??.??"]
[TimeControl "60"]

1. e4 c5 2. c3 d5 3. exd5 Qxd5 4. d4 Nf6 5. Nf3 e6 6. Be2 Be7 7. Na3 a6 8. Nc4 Nbd7 9. a4 O-O 10. O-O cxd4 11. Nxd4 Bc5 12. Ne3 Qd6 13. Nc4 Qd5 14. Ne3 Qd6 15. Nc4 Qc7 16. Re1 b6 17. b4 Be7 18. Bf3 Bb7 19. Bxb7 Qxb7 20. Nf5 Bd8 21. Nfd6 Qb8 22. Qf3 Bc7 23. Qc6 Ra7 24. Bf4 Nd5 25. Bg3 Qd8 26. Nb7 Qb8 27. Bxc7 Qxb7 28. Qxb7 Rxb7 29. Bd6 Rc8 30. Ne3 Nxc3 31. Kf1 Ne4 32. Red1 Nxd6 33. Rxd6 Kf8 34. Rad1 Ke7 35. Ke2 Ne5 36. a5 Nc4 37. Nxc4 Rxc4 38. axb6 Rxb4 39. Rd8 R4xb6 40. Rh8 h6 41. Rg8 Kf6 42. g3 Rb2+ 0-1

[Event "44th Chess Olympiad Women 2022"]
[Site "Chennai"]
[Date "2022.08.07"]
[Round "9.31"]
[White "Thurner, Anya"]
[Black "Rodsmoen, Maud"]
[Result "0-1"]
[WhiteElo "1619"]
[BlackElo "1975"]
[Annotator "RC"]
[PlyCount "126"]
[EventDate "2022.??.??"]
[TimeControl "60"]

1. e4 c5 2. b3 g6 3. Bb2 Nf6 4. e5 Nd5 5. Nc3 Nb4 6. a3 N4c6 7. f4 Bg7 8.
Nf3 d6 9. exd6 O-O 10. Bc4 Qxd6 11. Nb5 Qd8 12. Bxg7 Kxg7 13. O-O a6 14. Nc3 b5 15. Bd5 e6 16. Bxc6 Nxc6 17. Qe2 Bb7 18. Kh1 Qc7 19. Ne4 Ne7 20.
Qe3 Bxe4 21. Qxe4 Rad8 22. d3 Nd5 23. Nd2 Nf6 24. Qe2 Rd4 25.
g3 Rfd8 26. Rfd1 h5 27. Nf3 Qb7 28. Kg1 R4d6 29. Ng5 h4 30.
Qf3 Qb6 31. Kg2 Rd4 32. Ne4 Nxe4 33. dxe4 Rd2+ 34. Rxd2 Rxd2+ 35. Kh1 hxg3 36. Qc3+ Rd4 37. hxg3 Qc6 38. Re1 Kg8 39. Qe3 f5 40. Kg2 Rxe4 41. Qf3 Qd5 42. Rxe4 fxe4 43. Qe3 Kf7 44. g4 Qd4 45. Qe2 Kf6 46. Qe1 g5 47. Kh3 e3 48. fxg5+ Kxg5 49. Qh4+ Kf4 50. Qg3+ Ke4 51. Qg2+ Ke5 52. Qh2+ Qf4 53. Qe2 Qf2 54. Qd3 e2 55. Qc3+ Kf4 56. Qf6+ Ke3 57. Qc3+ Ke4 58. Qd3+ Ke5 59. Qc3+ Kd6 60. Qd3+ Ke7 61. Qh7+ Qf7 62. Qh4+ Ke8 63. Kh2 Qf4+ 0-1

[Event "44th Chess Olympiad Women 2022"]
[Site "Chennai"]
[Date "2022.08.07"]
[Round "9.32"]
[White "Abeysinghe, H M H Janandani"]
[Black "Jansone, Melanija Luize"]
[Result "1/2-1/2"]
[WhiteElo "1516"]
[BlackElo "1584"]
[Annotator "NA RC"]
[PlyCount "122"]
[EventDate "2022.??.??"]
[TimeControl "60"]

1. e4 c5 2. Nc3 Nc6 3. f4 e6 4. Nf3 Nge7 5. d3 d5 6. e5 a6 7. a4 Nf5 8. Be2 g6 9. O-O Bg7 10. Qe1 O-O 11. g4 Nfd4 12. Nxd4 Nxd4 13. Bd1 b6 14. Nb1 Bb7 15. c3 Nc6 16. Bf3 Qc7 17. Na3 Rad8 18.
Bd2 Qe7 19. g5 Na5 20. Nc2 Nb3 21. Ra3 Nxd2 22. Qxd2 d4 23. c4 Rb8 24. Ne1 b5 25. axb5 Bxf3 26. Nxf3 axb5 27. b3 bxc4 28. bxc4 Rb4 29. Qg2 Rfb8 30. Nd2 Rb2 31. Ra8 Qd8 32. Rxb8 Qxb8 33. Rd1 Bf8 34. Qc6 Qb4 35. Ne4 Rb1 36. Nf6+ Kg7 37. Qf3 Rb2 38. h4 Qb3 39. h5 Qc2 40. h6+ Kh8 41. Ng4 Kg8 42. Ra1 Qd2 43. Rd1 Qc2 44. Rf1 Ra2 45. Nf2 Qb2 46. Qd1 Be7 47. Qf3 Bf8 48. Kg2 Qc2 49. Qd1 Qb2 50. Kg3 Be7 51. Qf3 Bf8 52. Ng4 Ra3 53. Nf2 Ra2 54. Rg1 Qc2 55. Rg2 Ra3 56. Rg1 Ra2 57. Ng4 Ra3 58. Nf2 Ra2 59. Rg2 Ra3 60. Rg1 Ra2 61. Rg2 Ra3 1/2-1/2

[Event "44th Chess Olympiad Women 2022"]
[Site "Chennai"]
[Date "2022.08.07"]
[Round "9.32"]
[White "Maklakova, Nellija"]
[Black "Gamage, Desandhi Dhihansa"]
[Result "1-0"]
[WhiteElo "1819"]
[BlackElo "1561"]
[Annotator "NA RC"]
[PlyCount "167"]
[EventDate "2022.??.??"]
[TimeControl "60"]

1. d4 Nf6 2. Nf3 e6 3. e3 g6 4. Be2 Bg7 5. c4 c5 6. O-O O-O 7. Nc3 d6 8. b3 Nc6 9. Bb2 b6 10. Qd2 Bb7 11. Rfd1 a6 12. d5 exd5 13. Nxd5 Ne4 14. Qc2 Nb4 15. Nxb4 cxb4 16. Bxg7 Kxg7 17. Rd4 Nc3 18. Ne1 Rc8 19. Bf1 Qf6 20. a3 Nb5 21. Rdd1 bxa3 22. Qd3 Nc3 23. Rdc1 Ne4 24. f3 Nc5 25. Qc3 d5 26. Rxa3 dxc4 27. Qxf6+ Kxf6 28. bxc4 Rfd8 29. Nc2 Ne6 30. Nb4 a5 31. Nd3 Nc5 32. Nxc5 Rxc5 33. Rb1 Rd6 34. Rab3 Ba6 35. Rxb6 Rdc6 36. Rxc6+ Rxc6 37. Ra1 Bxc4 38. Rxa5 Bxf1 39. Kxf1 Rc2 40. Rd5 Rc6 41. Kf2 Ke6 42. Rd2 h5 43. f4 f6 44. Kf3 Ra6 45. Rd8 f5 46. h3 Kf6 47. Re8 Kf7 48.
Re5 Kf6 49. g4 hxg4+ 50. hxg4 fxg4+ 51. Kxg4 Ra1 52. Kf3 Ra6 53. Rd5 Ke6 54. e4 Ra3+ 55. Ke2 Ra6 56. Ke3 Ra3+ 57. Rd3 Ra6 58. Rb3 Rd6 59. Kf3 Rd1 60. Rb6+ Kf7 61. e5 Rf1+ 62. Ke3 Ra1 63. Rd6 Ra3+ 64. Ke4 Ra4+ 65. Rd4 Ra5 66. Rc4 Rb5 67. Rc7+ Kf8 68. e6 Ra5 69. Rd7 Ra4+ 70. Ke5 Ra5+ 71. Kf6 Rf5+ 72. Kxg6 Ra5 73. f5 Ra6 74. Kf6 Ke8 75. Rh7 Kd8 76. Rh8+ Kc7 77. Kf7 Ra7 78. e7 Kd6 79. f6 Ke5 80. Rh5+ Kd6 81. Kf8 Ke6 82. e8=Q+ Kxf6 83. Qe5+ Kg6 84. Qf5# 1-0

[Event "44th Chess Olympiad Women 2022"]
[Site "Chennai"]
[Date "2022.08.07"]
[Round "9.32"]
[White "Ranasinghe, S D.."]
[Black "Ter-Avetisjana, Agnesa Stepania"]
[Result "0-1"]
[WhiteElo "1687"]
[BlackElo "1962"]
[Annotator "NA COMBH"]
[PlyCount "70"]
[EventDate "2022.??.??"]
[TimeControl "60"]

1. Nf3 d5 2. c4 c6 3. e3 Nf6 4. b3 Bg4 5. Be2 e6 6. Bb2 Nbd7 7. O-O Bd6 8.
Nc3 O-O 9. cxd5 exd5 10. Nd4 Bxe2 11. Qxe2 Re8 12. f4 c5 13. Nf5 Bf8 14. Qf3 Nb6 15. Qg3 g6 16. Qg5 Ne4 17. Nh6+ Bxh6 18. Qxh6 d4 19. Nxe4 Rxe4 20. exd4 cxd4 21. Rf3 f5 22. d3 Re2 23. Rf2 Rxf2 24. Kxf2 Rc8 25. Rc1 Rxc1 26. Bxc1 Nd5 27. Qh3 Qa5 28. a3 Qc3 29. Qf3 Qc2+ 30. Kg3 Nc3 31. Qxb7 Qxc1 32. Qa8+ Kg7 33. Qxa7+ Kh6 34. Qe7 Ne4+ 35. Kh3 Qe3+ 0-1

[Event "44th Chess Olympiad Women 2022"]
[Site "Chennai"]
[Date "2022.08.07"]
[Round "9.32"]
[White "Rogule, Laura"]
[Black "Wijesuriya, G P Y.."]
[Result "1-0"]
[WhiteElo "2292"]
[BlackElo "1579"]
[Annotator "RC"]
[PlyCount "61"]
[EventDate "2022.??.??"]
[TimeControl "60"]

1. c4 e5 2. Nc3 Nf6 3. g3 Nc6 4. Bg2 Bc5 5. a3 a5 6. e3 d6 7. Nge2 Bb6 8. h3 Be6 9. Nd5 Bxd5 10. cxd5 Ne7 11. Nc3 O-O 12. O-O Rc8 13. b4 axb4 14. axb4 Qd7 15. Qb3 Qf5 16. f4 exf4 17. Rxf4 Qg5 18. Bb2 Ng6 19. h4 Qxg3 20. Ne2 Qxf4 21. Nxf4 Nxf4 22. Bxf6 Nxg2 23. Kxg2 gxf6 24. Qb2 Rce8 25. Qxf6 h5 26. Kf3 Kh7 27. Qf5+ Kh6 28. Qg5+ Kh7 29. Qxh5+ Kg7 30. Rg1+ Kf6 31. Qg5# 1-0

[Event "44th Chess Olympiad Women 2022"]
[Site "Chennai"]
[Date "2022.08.07"]
[Round "9.33"]
[White "Ndirangu, Joyce Nyaruai"]
[Black "Elansary, Eman"]
[Result "1-0"]
[WhiteElo "1679"]
[BlackElo "1936"]
[Annotator "RC"]
[PlyCount "157"]
[EventDate "2022.??.??"]
[TimeControl "60"]

1. d4 d5 2. Nf3 Nf6 3. Bf4 c5 4. e3 Nc6 5. c3 Qb6 6. Qc1 Bf5 7. Nbd2 e6 8. Be2 Be7 9. O-O O-O 10. Ne5 Nxe5 11. dxe5 Nd7 12. c4 f6 13. cxd5 exd5 14. Bf3 Be6 15. exf6 Bxf6 16. Rb1 Ne5 17. Bxe5 Bxe5 18. e4 dxe4 19. Bxe4 Bf4 20. Qc2 Rad8 21. Nf3 h6 22. b3 Bf7 23. g3 Bc7 24. Rbd1 Rfe8 25. Bh7+ Kh8 26. Rxd8 Rxd8 27. Bf5 Qd6 28. Bh3 Bg6 29. Bf5 Bxf5 30. Qxf5 Rf8 31. Qe4 b5 32. Nh4 Kg8 33. Re1 Ba5 34. Re2 Bc3 35. Ng6 Rd8 36. Ne7+ Kh8 37. Kg2 a6 38. Ng6+ Kg8 39. Ne7+ Kh8 40. Nf5 Qd5 41. Qxd5 Rxd5 42. Ne7 Rd6 43. f4 Kh7 44. f5 Rd2 45. Rxd2 Bxd2 46. Kf3 Bg5 47. Nd5 Bd8 48. Ke4 h5 49. Nf4 h4 50. Ne6 hxg3 51. hxg3 Be7 52. Kd5 c4 53. bxc4 bxc4 54. Kxc4 a5 55. a4 Bb4 56. g4 Kh6 57. Kd5 Bd2 58. Kd6 Kh7 59. Ke7 Kg8 60. g5 Bb4+ 61. Ke8 Bc3 62. g6 Bb4 63. Kd7 Bc3 64. Kc6 Bd2 65. Kb5 Bc3 66. Kc6 Bb4 67. Kd7 Bc3 68. Kd8 Bf6+ 69. Ke8 Bc3 70. Nc5 Bd4 71. Nb7 Bc3 72. Nd8 Bb4 73. Nc6 Bc3 74. Ne7+ Kh8 75. Kf7 Bb2 76. Nd5 Ba3 77. f6 Bb2 78. fxg7+ Bxg7 79. Nb6 1-0

[Event "44th Chess Olympiad Women 2022"]
[Site "Chennai"]
[Date "2022.08.07"]
[Round "9.33"]
[White "Obondo, Cynthia Awino"]
[Black "Moaataz, Ayah"]
[Result "0-1"]
[WhiteElo "1439"]
[BlackElo "2119"]
[Annotator "NA"]
[PlyCount "104"]
[EventDate "2022.??.??"]
[TimeControl "60"]

1. d4 d5 2. Nf3 Nf6 3. e3 c5 4. b3 Nc6 5. Bb2 Bg4 6. Nbd2 cxd4 7. exd4 e6 8. Bd3 Bd6 9. h3 Bh5 10. O-O O-O 11. Qe1 Nb4 12. a3 Nxd3 13.
cxd3 Bg6 14. Qe3 Qe7 15. Ne5 Rac8 16. Rfc1 Nd7 17. f4 Nb6 18. Ndf3 Rxc1+ 19. Qxc1 Rc8 20. Qd2 Qe8 21. Qa5 Bb8 22. Rc1 f6 23. Rxc8 Qxc8 24. Nxg6 hxg6 25. Qd2 Bd6 26. g3 Qd7 27. a4 Nc8 28. Bc3 Qc7 29. b4 Ne7 30. Kg2 Nf5 31. b5 g5 32. fxg5 Bxg3 33.
gxf6 gxf6 34. Bb4 Bf4 35. Qf2 Qh7 36. Bd2 Qg6+ 37. Kf1 Ng3+ 38. Ke1 Qxd3 39. Bxf4 Qb1+ 40. Kd2 Ne4+ 41. Ke2 Nxf2 42. Kxf2 Qc2+ 43. Kg3 Qxa4 44. Bb8 Qxb5 45. Bxa7 Qd3 46. Bb6 e5 47. dxe5 fxe5 48. Kf2 Qc2+ 49. Kg3 Qb3 50. Kg4 Qb4+ 51. Kh5 e4 52. Ne5 Qxb6 0-1

[Event "44th Chess Olympiad Women 2022"]
[Site "Chennai"]
[Date "2022.08.07"]
[Round "9.33"]
[White "Wafa, Shahenda"]
[Black "Madelta Glenda"]
[Result "1-0"]
[WhiteElo "2115"]
[BlackElo "1516"]
[Annotator "NA COMBH"]
[PlyCount "80"]
[EventDate "2022.??.??"]
[TimeControl "60"]

1. e4 e6 2. d4 d5 3. Nc3 Nf6 4. Bg5 Bb4 5. Nge2 dxe4 6. a3 Be7 7. Bxf6 Bxf6 8. Nxe4 Nc6 9. c3 b6 10. N2g3 Bb7 11. Nh5 Qe7 12. Qf3 O-O-O 13. Nhxf6 Nxd4 14. cxd4 Rxd4 15. Ba6 Bxa6 16.
Nc5 Rd5 17. Nxa6 gxf6 18. O-O c5 19. b4 Qb7 20. b5 Rg5 21.
Qxb7+ Kxb7 22. Rfd1 Kc8 23. Rd6 Rd5 24. Rd1 Rxd1+ 25. Rxd1 Rd8 26. Rxd8+ Kxd8 27. Nb8 Kc7 28. Nc6 a6 29. a4 axb5 30. axb5 Kd6 31. Kf1 c4 32. Ke2 Kc5 33. Na7 Kb4 34. Kd2 f5 35. g3 f6 36. Kc2 e5 37. h4 Kc5 38. Kc3 f4 39. gxf4 exf4 40. h5 f3 1-0

[Event "44th Chess Olympiad Women 2022"]
[Site "Chennai"]
[Date "2022.08.07"]
[Round "9.33"]
[White "Wafa, Shrook"]
[Black "Mongeli, Sasha"]
[Result "1/2-1/2"]
[WhiteElo "2141"]
[BlackElo "1672"]
[Annotator "RC"]
[PlyCount "145"]
[EventDate "2022.??.??"]
[TimeControl "60"]

1. e4 c6 2. d4 d5 3. Nc3 dxe4 4. Nxe4 Nd7 5. Nf3 Ngf6 6. Bd3 Nxe4 7. Bxe4 Nf6 8. Bd3 Bg4 9. c3 e6 10. h3 Bh5 11. g4 Bg6 12. Bf4 Qd5 13.
O-O Bxd3 14. Qxd3 Qe4 15. Qxe4 Nxe4 16. Rfe1 Nf6 17. c4 Bb4 18. Re3 O-O-O 19. g5 Ne8 20. c5 a6 21. Re4 Ba5 22. Ne5 Rf8 23. Nc4 Bc7 24. Be3 g6 25. b4 Ng7 26. a4 Nf5 27. Rb1 Rd5 28.
h4 Rfd8 29. b5 axb5 30. axb5 cxb5 31. Rxb5 Nxd4 32. Rb2 Nf5 33. Nb6+ Bxb6 34. cxb6 Nxe3 35. Rxe3 R8d6 36. Rf3 Rf5 37. Ra3 Kd7 38. Ra7 Kc6 39. Ra8 Rb5 40. Rc8+ Kxb6 41. Rxb5+ Kxb5 42. Rc7 Ka6 43. Rxf7 b5 44. Rxh7 b4 45. Rc7 b3 46. Rc1 Kb5 47. Kh2 Kb4 48.
h5 gxh5 49. g6 e5 50. g7 Rg6 51. Rc7 b2 52. Rb7+ Kc3 53. Rc7+ Kd2 54. Rb7 Kc3 55. Rc7+ Kd3 56. Rb7 Rxg7 57. Rxb2 Rg4 58. Kh3 Rc4 59. Rb5 Ke4 60. Kg2 Rc2 61. Rb3 Kf5 62. Rf3+ Kg5 63. Rg3+ Kh6 64. Rg8 Rc4 65. Re8 Rc5 66. Kg3 Rc3+ 67. Kg2 Rc5 68. Kg3 Kg5 69. Rxe5+ Rxe5 70. f4+ Kf5 71. fxe5 Kxe5 72. Kh4 Kf4 73. Kxh5 1/2-1/2

[Event "44th Chess Olympiad Women 2022"]
[Site "Chennai"]
[Date "2022.08.07"]
[Round "9.34"]
[White "Alvarez Gutierrez, Patricia"]
[Black "Mirza, Diana"]
[Result "1-0"]
[WhiteElo "1715"]
[BlackElo "1898"]
[Annotator "NA"]
[PlyCount "79"]
[EventDate "2022.??.??"]
[TimeControl "60"]

1. d4 Nf6 2. c4 g6 3. Nc3 Bg7 4. e4 d6 5. Nge2 O-O 6. Ng3 e5 7. d5 a5 8. h4 h5 9. Bg5 Na6 10. Be2 Qe8 11. Qd2 Kh7 12. Nb5 Bd7 13. f3 Bxb5 14. cxb5 Nc5 15. Nf1 Nfd7 16. g4 f6 17. Be3 hxg4 18. h5 g5 19. Ng3 Rh8 20.
fxg4 Kg8 21. Bf3 Bh6 22. Nf5 Qf7 23. Qc2 Kh7 24. b3 Rhc8 25.
Rc1 Bf8 26. Qd2 Bh6 27. Bg2 b6 28. Ke2 Qe8 29. Rcf1 Qd8 30.
Rf2 Nf8 31. Rhf1 Ncd7 32. Nxh6 Kxh6 33. Rxf6+ Nxf6 34. Bxg5+ Kh7 35. Bxf6 Qd7 36. Qg5 Qxb5+ 37. Ke1 Qb4+ 38. Kf2 Qc5+ 39. Kg3 Ne6 40. Qg6# 1-0

[Event "44th Chess Olympiad Women 2022"]
[Site "Chennai"]
[Date "2022.08.07"]
[Round "9.34"]
[White "Granados Diaz, Maria Esther"]
[Black "Kanyamarala, Trisha"]
[Result "1/2-1/2"]
[WhiteElo "1888"]
[BlackElo "2270"]
[Annotator "RC"]
[PlyCount "106"]
[EventDate "2022.??.??"]
[TimeControl "60"]

1. e4 c5 2. Nf3 d6 3. d4 cxd4 4. Nxd4 Nf6 5. Nc3 Nc6 6. Nb3 e5 7. Bg5 Be7 8. Qd2 h6 9. Bh4 g5 10. Bg3 Be6 11. O-O-O a6 12. f3 Na5 13. Kb1 Nc4 14. Bxc4 Bxc4 15. h4 Rg8 16. hxg5 hxg5 17. Bf2 a5 18. a4 Qd7 19. Be3 b5 20. axb5 a4 21. Nc1 d5 22. Bxg5 d4 23.
Bxf6 Bxf6 24. Nd5 Bxd5 25. exd5 Qxb5 26. Rhe1 Kd8 27. Qh6 Ra6 28. Qh7 Rg7 29. Qh8+ Kc7 30. Nd3 a3 31. b3 a2+ 32. Ka1 Rxg2 33. Qf8 Rg7 34. Nxe5 d3 35. cxd3 Qxd5 36. d4 Kb7 37. Qb4+ Rb6 38. Qc4 Qd8 39. Nxf7 Qd7 40. Ne5 Qd6 41. Rc1 Qd8 42. Rg1 Re7 43. Rg8 Qxd4+ 44. Qxd4 Bxe5 45. Qxe5 Rxe5 46. Rg7+ Ka6 47. Rc3 Re2 48. Rgc7 Kb5 49. Rc2 Re3 50. Kxa2 Rxf3 51. R7c5+ Ka6 52. Rc6 Rfxb3 53. Rxb6+ Rxb6 1/2-1/2

[Event "44th Chess Olympiad Women 2022"]
[Site "Chennai"]
[Date "2022.08.07"]
[Round "9.34"]
[White "Ni Mhuireagain, Eibhia"]
[Black "Granados Ortiz, Maria Jose"]
[Result "0-1"]
[WhiteElo "1638"]
[BlackElo "1753"]
[Annotator "NA"]
[PlyCount "72"]
[EventDate "2022.??.??"]
[TimeControl "60"]

1. e4 Nf6 2. Nc3 d5 3. e5 Ne4 4. Nce2 Nc5 5. d4 Ncd7 6. c3 e6 7. f4 c5 8. Nf3 Be7 9. Be3 Nc6 10. g3 O-O 11. Bh3 c4 12. O-O Re8 13.
f5 exf5 14. Bxf5 Nf8 15. Bc2 f6 16. Nf4 Ne6 17. Kh1 Nc7 18.
Nh4 fxe5 19. Qh5 e4 20. Nf5 Bxf5 21. Qxf5 Rf8 22. Qg4 Qc8 23. Qh5 Qf5 24. Qxf5 Rxf5 25. g4 Rf7 26. b3 Na5 27. Nh3 Raf8 28. Rxf7 Rxf7 29. Bf4 Nb5 30. Bd2 Rf3 31. Nf4 Bg5 32. Bd1 Bxf4 33. Bxf4 Rxf4 34. bxc4 Nxc4 35. Rc1 Rf1+ 36. Kg2 Rxd1 0-1

[Event "44th Chess Olympiad Women 2022"]
[Site "Chennai"]
[Date "2022.08.07"]
[Round "9.34"]
[White "Putar, Lara"]
[Black "Ferrufino, Michelle"]
[Result "0-1"]
[WhiteElo "1969"]
[BlackElo "1811"]
[Annotator "NA RC"]
[PlyCount "146"]
[EventDate "2022.??.??"]
[TimeControl "60"]

1. d4 d5 2. c4 c6 3. Nf3 Nf6 4. g3 g6 5. Bg2 dxc4 6. O-O Bg7 7. Qc2 b5 8.
Nbd2 O-O 9. e4 Bb7 10. b3 cxb3 11. Nxb3 Na6 12. Bd2 c5 13. e5 Be4 14. Qd1 Nd7 15. Qe2 Bd5 16. Qxb5 Nc7 17. Qa5 cxd4 18. Nbxd4 Nxe5 19. Bf4 Nxf3+ 20. Bxf3 e5 21. Bg5 Qxg5 22. Bxd5 Nxd5 23. Qxd5 Rad8 24. Nf3 Qxg3+ 25. hxg3 Rxd5 26. Rac1 e4 27. Nh4 Rd2 28. a4 Ra2 29. Rc4 f5 30. Rd1 Ra1 31. Rxa1 Bxa1 32. Ng2 Rd8 33. Ne3 Bd4 34. Rc7 Bb6 35. Rb7 Rd4 36. a5 Bxa5 37. Rxa7 Bb6 38. Ra6 Rd6 39. Kf1 Bc5 40. Ra8+ Kg7 41. Ke2 Bxe3 42. Kxe3 Rd3+ 43. Ke2 Rb3 44. Ra7+ Kh6 45. Rc7 Rb8 46. Ke3 Rg8 47. Kf4 Rg7 48. Rc1 Re7 49. Rc6 Kg7 50. Ra6 h6 51. Rb6 Kf7 52. Ke3 Re6 53. Rb7+ Kf6 54. Rh7 h5 55. Ke2 Rd6 56. Ke3 Rd3+ 57. Ke2 Rf3 58. Ra7 Kg5 59. Ra6 f4 60. Ra5+ Kg4 61. gxf4 Rxf4 62. Re5 h4 63. Re8 Kh3 64. Rg8 Rg4 65. Kf1 Kh2 66. Rg7 h3 67. Rg8 Rg1+ 68. Ke2 Kh1 69. Rg7 h2 70. Rg8 g5 71. Rg7 g4 72. Rg6 g3 73. fxg3 Kg2 0-1

[Event "44th Chess Olympiad Women 2022"]
[Site "Chennai"]
[Date "2022.08.07"]
[Round "9.35"]
[White "Chaves, Jussara"]
[Black "Badenhorst, Chloe"]
[Result "0-1"]
[WhiteElo "1933"]
[BlackElo "1703"]
[Annotator "NA"]
[PlyCount "96"]
[EventDate "2022.??.??"]
[TimeControl "60"]

1. f4 Nf6 2. b3 g6 3. Bb2 Bg7 4. e4 d6 5. Nf3 O-O 6. d3 c5 7. Be2 Nc6 8. O-O e5 9. Nfd2 exf4 10. Rxf4 Nh5 11. Bxg7 Nxf4 12. Bxf8 Kxf8 13. Bf1 Qg5 14. Kh1 Bg4 15. Nf3 Qf6 16. Nbd2 Nd4 17. Rb1 Nxf3 18. Nxf3 Re8 19. b4 b6 20. bxc5 dxc5 21. Rb3 Nh3 22. Qe2 Ng5 23. Nxg5 Qxg5 24. Qe1 f5 25. h3 Bh5 26. Rb1 Kg8 27. a4 fxe4 28. dxe4 Qe5 29. Bc4+ Kg7 30. Bd5 g5 31. Qe3 Qxd5 32. exd5 Rxe3 33. a5 Bf7 34. d6 Re2 35. Rd1 Re8 36. axb6 axb6 37. Rb1 Rd8 38. Rxb6 Kf6 39. Kh2 Ke6 40. Rc6 Kd5 41. Rc7 Bg6 42. c3 Rxd6 43. Re7 Kc4 44. Re3 Bd3 45. Kg3 Kxc3 46. Kg4 Rd5 47. h4 gxh4 48. Kxh4 c4 0-1

[Event "44th Chess Olympiad Women 2022"]
[Site "Chennai"]
[Date "2022.08.07"]
[Round "9.35"]
[White "Selkirk, Rebecca"]
[Black "Silva, Mariana Sofia T."]
[Result "0-1"]
[WhiteElo "1745"]
[BlackElo "1912"]
[Annotator "NA"]
[PlyCount "78"]
[EventDate "2022.??.??"]
[TimeControl "60"]

1. e4 c6 2. d4 d5 3. exd5 cxd5 4. c4 Nf6 5. Nc3 Nc6 6. Bg5 dxc4 7. d5 Ne5 8. Qd4 h6 9. Qxe5 hxg5 10. Bxc4 g4 11. Nge2 Qd6 12. Qxd6 exd6 13. Nd4 Bd7 14. Bb5 Rc8 15. O-O Bxb5 16. Ndxb5 a6 17. Nd4 g6 18. f3 g3 19. hxg3 Bg7 20. Nde2 Kd7 21. g4 Rce8 22. g5 Nxd5 23.
Ne4 f5 24. gxf6 Nxf6 25. N4c3 b5 26. a3 Nd5 27. Rfd1 Nb6 28.
Rd3 Nc4 29. Rad1 Re3 30. Ne4 Rxe2 31. b3 Ne3 32. Rxd6+ Kc8 33. Rc1+ Kb8 34. Rb6+ Ka7 35. Rxg6 Be5 36. f4 Bxf4 37. Nf2 Bh2+ 38. Kh1 Rxf2 39. Rg7+ Kb8 0-1

[Event "44th Chess Olympiad Women 2022"]
[Site "Chennai"]
[Date "2022.08.07"]
[Round "9.35"]
[White "Silva, Ana Ines Teixeira D"]
[Black "Bouah, Denise"]
[Result "1-0"]
[WhiteElo "1775"]
[BlackElo "1736"]
[Annotator "NA"]
[PlyCount "99"]
[EventDate "2022.??.??"]
[TimeControl "60"]

1. e4 c5 2. Nc3 d6 3. g3 Nc6 4. Bg2 g6 5. d3 Bg7 6. f4 e6 7. Be3 Rb8 8. Nf3 Nd4 9. O-O b5 10. e5 dxe5 11. fxe5 f5 12. exf6 Nxf6 13. Bf4 Rb6 14. a4 a6 15. a5 Rb7 16. Ng5 Nd5 17. Nce4 Nxf4 18. Rxf4 Rc7 19. g4 h6 20. Nh3 Be5 21. Rf1 Qe7 22. c3 Nc6 23. Qe2 Bg7 24. Nf4 Ne5 25.
d4 cxd4 26. cxd4 Nc4 27. Nxg6 Bxd4+ 28. Kh1 Qg7 29. Nxh8 Qxh8 30. Rac1 Bxb2 31. Rc2 Be5 32. Nd2 Nxa5 33. Rxc7 Bxc7 34. Qf3 Qg7 35. Ne4 Nc4 36. Nf6+ Ke7 37. Qc6 Be5 38. Qe8+ Kd6 39. Ne4+ Kc7 40. Rf7+ Qxf7 41. Qxf7+ Kb6 42. Qf8 Bb7 43. Qd8+ Bc7 44. Qd4+ Ka5 45. Nd2 Bxg2+ 46. Kxg2 Nxd2 47. Qxd2+ b4 48. Qxh6 Ka4 49. Qxe6 Kb5 50. g5 1-0

[Event "44th Chess Olympiad Women 2022"]
[Site "Chennai"]
[Date "2022.08.07"]
[Round "9.35"]
[White "Van Zyl, Charlize"]
[Black "Pipiras, Filipa Fortuna"]
[Result "0-1"]
[WhiteElo "1704"]
[BlackElo "2139"]
[Annotator "NA RC"]
[PlyCount "56"]
[EventDate "2022.??.??"]
[TimeControl "60"]

1. d4 d5 2. Bf4 c5 3. e3 Nc6 4. c3 Qb6 5. Qb3 c4 6. Qc2 e5 7. dxe5 Bf5 8.
Qc1 g5 9. Bxg5 Nxe5 10. Nd2 Bd3 11. Ne2 Ne7 12. Nf3 f6 13.
Nxe5 fxe5 14. Ng3 Bxf1 15. Rxf1 Ng6 16. e4 h6 17. Bd2 Nh4 18.
Qc2 Nxg2+ 19. Kd1 O-O-O 20. exd5 Rxd5 21. Qf5+ Kb8 22. Kc2 Ba3 23. Rab1 Qd8 24. Ne4 Be7 25. Rfd1 Qa5 26. Qf7 Bg5 27. Bxg5 Qa4+ 28. b3 Qxa2+ 0-1

[Event "44th Chess Olympiad Women 2022"]
[Site "Chennai"]
[Date "2022.08.07"]
[Round "9.36"]
[White "Abdi, Zineb Dina"]
[Black "Abaeva, Aiana"]
[Result "1-0"]
[WhiteElo "1899"]
[BlackElo "1595"]
[Annotator "NA"]
[PlyCount "61"]
[EventDate "2022.??.??"]
[TimeControl "60"]

1. e4 c5 2. Nf3 d6 3. d4 cxd4 4. Nxd4 Nf6 5. Bd3 Nbd7 6. O-O e6 7. c4 Be7 8. Nc3 O-O 9. Be3 a6 10. Rc1 Qc7 11. f3 b6 12. b3 Bb7 13.
Qd2 Rac8 14. Qf2 Qb8 15. Rfd1 Bd8 16. Nde2 Ne5 17. Bb1 Ba8 18. h3 Bc7 19. a4 h6 20. Rd2 Rfd8 21. Rcd1 Nc6 22. Qh4 Nd7 23. f4 Nf8 24. f5 Rd7 25. Bxh6 gxh6 26. Qxh6 f6 27. fxe6 Rg7 28. Nf4 Bd8 29. Ncd5 Rh7 30. Nxf6+ Bxf6 31. Qxf6 1-0

[Event "44th Chess Olympiad Women 2022"]
[Site "Chennai"]
[Date "2022.08.07"]
[Round "9.36"]
[White "Hamza, Amira"]
[Black "Sezdbekova Aizhan"]
[Result "1-0"]
[WhiteElo "1848"]
[BlackElo "1615"]
[Annotator "NA RC"]
[PlyCount "47"]
[EventDate "2022.??.??"]
[TimeControl "60"]

1. d4 Nf6 2. Nf3 e6 3. g3 b6 4. Bg2 Bb7 5. O-O Be7 6. c4 d5 7. Nc3 O-O 8. Ne5 c5 9. cxd5 exd5 10. Bf4 Nbd7 11. e3 Ne4 12. g4 Nxe5 13.
dxe5 Nxc3 14. bxc3 Qd7 15. Qf3 c4 16. Rfd1 Qb5 17. Qe2 Qa5 18.
e4 dxe4 19. Rd7 Qxc3 20. Rc1 Qa3 21. Rxb7 c3 22. Bxe4 Rac8 23. Bf5 Rc6 24. Qe4 1-0

[Event "44th Chess Olympiad Women 2022"]
[Site "Chennai"]
[Date "2022.08.07"]
[Round "9.36"]
[White "Sovetbekova, Nurai"]
[Black "Nassr, Rania"]
[Result "1-0"]
[WhiteElo "1693"]
[BlackElo "1737"]
[Annotator "NA"]
[PlyCount "65"]
[EventDate "2022.??.??"]
[TimeControl "60"]

1. d4 Nf6 2. c4 e6 3. g3 d5 4. Bg2 dxc4 5. Nf3 c5 6. O-O Nc6 7. Qa4 Qa5 8.
Qxc4 b5 9. Qc2 Qb6 10. a3 c4 11. Nc3 Bb7 12. Bg5 Be7 13. Bxf6 Bxf6 14. d5 Ne7 15. dxe6 fxe6 16. Ne4 O-O 17. Nxf6+ Rxf6 18. a4 Nd5 19. axb5 Qxb5 20. Nd2 c3 21. bxc3 Qxe2 22. Rae1 Qh5 23. Ne4 Rh6 24. h4 Ba6 25. c4 Rc8 26. Nd6 Rc6 27. Nf5 Rf6 28. Bxd5 Rb6 29. Re5 Rxf5 30. Bxe6+ Rxe6 31. Rxe6 Bb7 32. Qb3 Bf3 33. Qe3 1-0

[Event "44th Chess Olympiad Women 2022"]
[Site "Chennai"]
[Date "2022.08.07"]
[Round "9.36"]
[White "Zairbek kyzy, Begimai"]
[Black "Nassr, Lina"]
[Result "1-0"]
[WhiteElo "1949"]
[BlackElo "2011"]
[Annotator "NA"]
[PlyCount "75"]
[EventDate "2022.??.??"]
[TimeControl "60"]

1. e4 c5 2. Nf3 Nc6 3. c3 Nf6 4. e5 Nd5 5. Bc4 Nb6 6. Bb3 c4 7. Bc2 d6 8. exd6 Qxd6 9. O-O Bg4 10. h3 Bh5 11. Qe2 O-O-O 12. b3 Nd5 13.
bxc4 Nf4 14. Qe3 g5 15. d4 Bh6 16. Bf5+ e6 17. Ba3 Qc7 18.
Bg4 Bxg4 19. hxg4 Na5 20. Nbd2 Nxc4 21. Nxc4 Qxc4 22. Ne5 Qc7 23. g3 Nd5 24. Qf3 Kb8 25. c4 f6 26. cxd5 fxe5 27. Rac1 Qd7 28. d6 exd4 29. Rc7 Qb5 30. Qf6 d3 31. Rd1 d2 32. Rxd2 Qb1+ 33.
Kh2 Qg6 34. Qe7 Qe4 35. Rb2 b6 36. Rxa7 Qc6 37. Rc2 Bf8 38.
Qxd8+ 1-0